AoeStats
← CLAY27

Arabia

503264192Analyzed
2v2 RM · 1mo ago on Aug 30, 2026· 34m 18s· 4 players
Game mode
Random Map
Map size
Medium (4 player)
Population
200
Speed
Normal
Resources
Standard
Victory
Conquest
Starting age
Dark Age
Ending age
Imperial Age
RankedLock teamsTeams togetherTeam positionsShared explorationLock speedFull tech treeHidden civsTurbo modeCheats
Victory
Defeat
🇲🇽 Vietnamese · Mexico
1016
+13
🇲🇽 Bulgarians · Mexico
971
+15
🇩🇪 Georgians · Germany
954
-14
🇨🇴 Magyars · Colombia
935
-13
cesaruseche1
8:35 Loom
10:59 Feudal Age
12:02 Double-Bit Axe
12:53 Gold Mining
12:52 Horse Collar
16:43 Fletching
21:16 Wheelbarrow
21:38 Padded Archer Armor
24:12 Castle Age
22:36 Scale Barding Armor
22:48 Padded Archer Armor
24:12 Bloodlines
25:03 Bow Saw
24:54 Heavy Plow
26:09 Chain Barding Armor
27:47 Husbandry
27:58 Stone Mining
30:12 Gold Shaft Mining
30:39 Town Watch
31:46 Hand Cart
35:09 Imperial Age
ShakerGER
0:56 Loom
10:09 Feudal Age
11:42 Double-Bit Axe
16:42 Horse Collar
25:31 Castle Age
24:17 Bloodlines
24:44 Forging
25:19 Scale Barding Armor
28:13 Husbandry
27:35 Light Cavalry
28:41 Bow Saw
28:23 Stone Mining
28:26 Gold Mining
29:19 Wheelbarrow
29:57 Fervor
29:58 Heavy Plow
CLAY27
8:46 Loom
10:55 Feudal Age
11:40 Double-Bit Axe
11:36 Horse Collar
14:22 Town Watch
16:34 Wheelbarrow
18:07 Fletching
18:45 Padded Archer Armor
24:10 Castle Age
23:04 Gold Mining
25:22 Bodkin Arrow
24:49 Crossbowman
26:19 Thumb Ring
27:13 Bow Saw
27:05 Heavy Plow
28:34 Ballistics
28:30 Pikeman
29:10 Squires
33:44 Imperial Age
33:09 Leather Archer Armor
33:05 Forging
32:55 Scale Mail Armor
[KC] The Kaiser
9:43 Feudal Age
17:54 Wheelbarrow
17:05 Town Watch
17:44 Scale Mail Armor
19:10 Double-Bit Axe
22:47 Castle Age
23:19 Bloodlines
23:31 Husbandry
22:52 Light Cavalry
25:36 Pikeman
33:37 Arson
34:12 Scale Barding Armor
34:22 Squires
Connection lost

Rejoining the realm…

Still unreachable

The connection could not be restored.

Session expired

The server has moved on; the page needs a fresh start.